 Dungeon Crawl Stone Soup version 0.28.0-1-gb440e238dd (webtiles) character file.

Game seed: 5049513408243065284

61 issech the Cudgeller (level 3, -1/36 HPs)
             Began as a Troll Monk on Feb 25, 2022.
             Slain by an orc priest (4 damage)
             ... on level 3 of the Dungeon.
             The game lasted 00:04:16 (1590 turns).

issech the Cudgeller (Troll Monk)                   Turns: 1590, Time: 00:04:16

Health: -1/36      AC:  4    Str: 19    XL:     3   Next: 83%
Magic:  2/2        EV: 10    Int:  6    God:
Gold:   46         SH:  0    Dex: 14    Spells: 2/2 levels left

rFire   . . .      SeeInvis .   a - +0 mace
rCold   . . .      Faith    .   (no shield)
rNeg    . . .      Spirit   .   b - +0 robe
rPois   .          Reflect  .   (helmet restricted)
rElec   .          Harm     .   (no cloak)
rCorr   .          Rampage  .   (gloves unavailable)
Will    .....                   (boots unavailable)
Stlth   ++........              (no amulet)
HPRegen 0.92/turn               (no ring)
MPRegen 0.08/turn               (no ring)

@: no status effects
A: large, unfitting armour, claws 3, regeneration 1, shaggy fur 1, tough skin 1
a: no special abilities


You were on level 3 of the Dungeon.
You visited 1 branch of the dungeon, and saw 3 of its levels.

You collected 46 gold pieces.

Inventory:

Hand Weapons
 a - a +0 mace (weapon)
 f - a +1 short sword of draining
 i - a +0 hunting sling
 k - a +1 dagger of speed
Missiles
 c - 27 bolts
 j - 20 arrows
 m - 13 stones (quivered)
 o - 17 sling bullets
Armour
 b - a +0 robe (worn)
Scrolls
 d - 4 scrolls of identify {unknown}
 g - a scroll of blinking {unknown}
 l - a scroll of magic mapping {unknown}
 p - a scroll of fear {unknown}
Potions
 e - a potion of berserk rage {unknown}
 h - 2 potions of heal wounds {unknown}
 n - a potion of attraction {unknown}
 q - a potion of haste {unknown}


   Skills:
 + Level 2.8 Fighting
 + Level 3.5 Maces & Flails
 + Level 2.8 Dodging
 + Level 1.1 Stealth


You had 2 spell levels left.
You didn't know any spells.
Your spell library contained the following spells:

 Spells                   Type           Power      Damage    Failure   Level
 Animate Skeleton         Necr           0%         N/A       45%         1
 Apportation              Tloc           0%         N/A       45%         1
 Summon Small Mammal      Summ           0%         N/A       45%         1


Dungeon Overview and Level Annotations

Branches:
Dungeon (3/15)

Altars:

Shops:
D:1 *


Innate Abilities, Weirdness & Mutations

You are too large for most types of armour.
You have claws for hands.
Your natural rate of healing is unusually fast.
You are covered in fur. (AC +1)
You have tough skin. (AC +1)


Message History

Pain shoots through your body! The orc closely misses you.
You hit the orc priest.
The orc priest is heavily wounded.
The orc priest looks braver for a moment.
The orc closely misses you. The orc hits you with a +0 club.
You hit the orc priest.
The orc priest is almost dead.
The orc priest hits you with a +0 trident.
The orc closely misses you. The orc hits you with a +0 club.
You closely miss the orc priest.
The orc priest is almost dead.
The orc priest barely misses you. The orc hits you with a +0 hand axe.
The endoplasm jiggles.
The orc hits you with a +0 club. The orc priest closely misses you.
You hit the orc priest.
The orc priest is almost dead.
The orc closely misses you. The orc barely misses you.
The orc priest hits you with a +0 trident!
The orc hits you with a +0 hand axe.
You completely miss the orc priest.
The orc priest is almost dead.
The orc hits you with a +0 club.
The orc priest hits you with a +0 trident.
The orc barely misses you. The orc closely misses you.
The orc priest hits you but does no damage.
The orc priest calls down the wrath of Beogh upon you.
Beogh smites you!
* * * LOW HITPOINT WARNING * * *
The orc hits you with a +0 hand axe.
* * * LOW HITPOINT WARNING * * *
The orc jeers loudly.
The orc throws a boomerang.
The boomerang barely misses you.
The orc priest casts a cantrip, but nothing happens.
The orc hits you with a +0 hand axe.
* * * LOW HITPOINT WARNING * * *
The endoplasm hits you but does no damage.
There is a stone staircase leading up here.
The orc closely misses you.
The orc priest hits you from afar with a +0 trident.
You die...

.##.#.####.##)##
.........#.....#
.......#.#.?..#
.........#.#..#
..............#
.....>...#.=.#
.......o.....###
........oo.....#
...#...@J.......#
. ###......###.#
?.......# #
#####.#..#
#...... ####..##
.... ...


You could see an orc priest, 2 orcs and an endoplasm.

Vanquished Creatures
  3 adders (D:2)
  A worm (D:2)
  2 dart slugs
  An orc (D:2)
  4 endoplasms
  3 giant cockroaches
  3 hobgoblins
  A kobold (D:2)
  2 bats (D:2)
  7 frilled lizards
  2 rats (D:1)
29 creatures vanquished.

Notes
Turn   | Place    | Note
-------+----------+-------------------------------------------
     0 | D:1      | issech the Troll Monk began the quest for the Orb.
     0 | D:1      | Reached XP level 1. HP: 22/22 MP: 0/0
   250 | D:1      | Reached XP level 2. HP: 29/29 MP: 1/1
   272 | D:1      | Found Feppitami's General Store.
   404 | D:1      | Reached skill level 3 in Maces & Flails
   978 | D:2      | Reached XP level 3. HP: 36/36 MP: 2/2
  1587 | D:3      | HP: 1/36 [orc (4)]
  1590 | D:3      | Slain by an orc priest

Illustrated notes

Levels and vault maps discovered:
D:1:      dpeg_arrival_boxorama, layout_basic, serial_shops,
          nicolae_shop_temple_entry_statues_fountains
D:2:      layout_loops_ring
D:3:      layout_basic, serial_glass, glass_columns_c, glass_columns_c,
          kennysheep_doodads

Skill      XL: |  1  2 |
---------------+-------+-----
Maces & Flails | 3 |  3.5
Fighting       | |  2.8
Dodging        | |  2.8
Stealth        | |  1.1

Action                   || total
-------------------------++-------
Melee: Mace              ||   105
       Punch             ||     2
Armor: Robe              ||    38
Dodge: Dodged            ||    67
